 Dungeon Crawl Stone Soup version 0.21.1-1-g345015f (webtiles) character file.

1129 iamserjio the Charmwright (level 8, -13/63 HPs)
             Began as a Gnoll Skald on June 24, 2018.
             Was an Initiate of Cheibriados.
             Mangled by a two-headed ogre
             ... wielding a +0 giant spiked club
              (23 damage)
             ... on level 8 of the Dungeon.
             The game lasted 00:13:28 (1599 turns).

iamserjio the Charmwright (Gnoll Skald)             Turns: 1599, Time: 00:13:29

Health: -13/63     AC:  7    Str: 15    XL:     8   Next: 35%
Magic:  16/17      EV: 15    Int: 19    God:    Cheibriados [......]
Gold:   159        SH:  0    Dex: 15    Spells: 8/19 levels left

rFire    . . .     SeeInvis .   l - +0 war axe
rCold    . . .     Gourm    .   (no shield)
rNeg     + . .     Faith    .   b - +1 leather armour
rPois    .         Spirit   .   (no helmet)
rElec    .         Reflect  .   (no cloak)
rCorr    .         Harm     .   y - +2 pair of gloves
MR       .....                  (no boots)
Stlth    ++........             h - amulet of magic regeneration
HPRegen  0.20/turn              z - ring of positive energy
MPRegen  0.40/turn              (no ring)

@: singing, very slow
A: distributed training, fangs 1, strong nose
a: Bend Time, Renounce Religion


You were on level 8 of the Dungeon.
You worshipped Cheibriados.
Cheibriados was noncommittal.
You were hungry.

You visited 2 branches of the dungeon, and saw 9 of its levels.

You collected 159 gold pieces.

Inventory:

Hand Weapons
 a - a +0 hand axe
 l - a +0 war axe (weapon)
Missiles
 D - 3 needles of frenzy
Armour
 b - a +1 leather armour (worn)
 e - a +0 large shield
 t - a +0 pair of gloves
 y - a +2 pair of gloves (worn)
 F - a +0 helmet
Jewellery
 h - an amulet of magic regeneration (around neck)
 z - a ring of positive energy (left hand)
Wands
 g - a wand of paralysis (7)
 q - a wand of iceblast (3)
 x - a wand of flame (11)
 A - a wand of enslavement (13)
Scrolls
 j - a scroll of random uselessness
 k - 2 scrolls of enchant weapon
 m - 4 scrolls of teleportation
 n - a scroll of fear
 u - 2 scrolls of enchant armour
 B - a scroll of vulnerability
 C - a scroll of remove curse {unknown}
 E - a scroll of identify {@r1}
Potions
 f - 2 potions of might
 i - 2 potions of heal wounds
 o - a potion of curing {unknown}
 p - a potion of lignification {unknown}
 r - a potion of agility
 s - 2 potions of degeneration
 v - a potion of flight {unknown}
 w - 2 potions of invisibility {unknown}
Books
 c - a book of Battle

   Spells                             Type                      Level
   a - Infusion                       Charms                       1
   b - Shroud of Golubria             Charms/Translocation         2
   c - Song of Slaying                Charms                       2
   d - Spectral Weapon                Hexes/Charms                 3
   e - Regeneration                   Charms/Necromancy            3
Comestibles
 d - 11 rations


   Skills:
 + Level 5.6 Fighting
 + Level 3.1 Short Blades
 + Level 3.1 Long Blades
 + Level 5.6 Axes
 + Level 3.1 Maces & Flails
 + Level 3.1 Polearms
 + Level 3.1 Staves
 + Level 3.1 Slings
 + Level 3.1 Bows
 + Level 3.1 Crossbows
 + Level 3.1 Throwing
 + Level 4.1 Armour
 + Level 5.6 Dodging
 + Level 3.1 Stealth
 + Level 3.1 Shields
 + Level 3.1 Unarmed Combat
 + Level 6.0 Spellcasting
 + Level 2.5 Conjurations
 + Level 2.5 Hexes
 + Level 6.1 Charms
 + Level 2.5 Summonings
 + Level 2.5 Necromancy
 + Level 2.5 Translocations
 + Level 2.5 Transmutations
 + Level 2.5 Fire Magic
 + Level 2.5 Ice Magic
 + Level 2.5 Air Magic
 + Level 2.5 Earth Magic
 + Level 2.5 Poison Magic
 + Level 3.4 Invocations
 + Level 3.1 Evocations


You had 8 spell levels left.
You knew the following spells:

 Your Spells              Type           Power        Failure   Level  Hunger
a - Infusion              Chrm           ####         1%          1    None
b - Song of Slaying       Chrm           ####....     1%          2    None
c - Shroud of Golubria    Chrm/Tloc      ###.......   3%          2    None
d - Regeneration          Chrm/Necr      ###.......   7%          3    ##.....
e - Spectral Weapon       Hex/Chrm       ###.....     7%          3    ##.....


Dungeon Overview and Level Annotations

Branches:
Dungeon (8/15)             Temple (1/1) D:7
   Lair: D:8-11

Altars:
Cheibriados
Dithmenos
Fedhas
Hepliaklqana
Nemelex Xobeh
Sif Muna
The Shining One

Shops:
D:7 [


Innate Abilities, Weirdness & Mutations

Your experience applies equally to all skills.
You have very sharp teeth.
Your uncanny sense of smell can sniff out nearby items.


Message History

Aiming: Paralyse
Press: ? - help, Shift-Dir - straight line, f/p - two-headed ogre
Aim: a two-headed ogre, wielding two giant spiked clubs (chance to defeat MR: 37%)
The two-headed ogre resists with some effort.
The hound bites your spectral weapon. The two-headed ogre misses you.
The two-headed ogre hits you with a giant spiked club.
* * * LOW HITPOINT WARNING * * *
The hound barely misses your spectral weapon.
Something hits you.
* * * LOW HITPOINT WARNING * * *
Something shocks you.
* * * LOW HITPOINT WARNING * * *
Evoke which item? (* to show all) (? for menu, Esc to quit)
Aiming: Paralyse
Press: ? - help, Shift-Dir - straight line, f/p - two-headed ogre
Aim: a two-headed ogre, wielding two giant spiked clubs (chance to defeat MR: 37%)
The two-headed ogre resists with some effort.
The hound bites your spectral weapon but does no damage.
The two-headed ogre hits you with a giant spiked club!!
You die...

..... .............#
#...# ##.##.#..##.## .
#...# ##.......##.##
..##...###.............
.............<...##..#
#...##<..(.....##..#
##.##..............##..#
..............#....##..#
...##.@###...#.........
<....(hO{..........###.#
.##.##.................#
# #..###..##.#.......
∆...# #..# .........
....# # #...# ...#.


You could see a two-headed ogre, a hound and a friendly spectral war axe.

Vanquished Creatures
  Menkaure (D:4)
  A water moccasin (D:7)
  An ice beast (D:7)
  A phantom (D:7)
  2 bullfrogs
  A scorpion (D:5)
  A crimson imp (D:6)
  A bullfrog zombie (D:6)
  A centaur zombie (D:8)
  A quasit (D:8)
  2 hounds
  An orc priest (D:6)
  A bullfrog skeleton (D:8)
  An iguana (D:4)
  4 worker ants
  A worker ant zombie (D:6)
  11 adders
  2 worms
  A dart slug (D:4)
  4 leopard geckos
  6 orcs
  A ball python (D:6)
  4 giant cockroaches
  2 goblins
  7 hobgoblins
  3 jackals (D:3)
  A quokka (D:3)
  4 bats
  2 frilled lizards (D:3)
  3 kobolds
  3 rats
75 creatures vanquished.

Vanquished Creatures (others)
  A spectral weapon (D:4)
1 creature vanquished.

Grand Total: 76 creatures vanquished

Notes
Turn   | Place    | Note
-------+----------+-------------------------------------------
     0 | D:1      | iamserjio the Gnoll Skald began the quest for the Orb.
     0 | D:1      | Reached XP level 1. HP: 20/20 MP: 6/6
   113 | D:3      | Reached XP level 2. HP: 8/26 MP: 1/7
   118 | D:3      | Learned a level 2 spell: Song of Slaying
   121 | D:3      | Learned a level 2 spell: Shroud of Golubria
   190 | D:3      | Reached skill level 5 in Spellcasting
   190 | D:3      | Reached XP level 3. HP: 10/31 MP: 5/9
   193 | D:3      | Reached skill level 1 in Invocations
   206 | D:3      | Learned a level 3 spell: Regeneration
   210 | D:3      | Learned a level 3 spell: Spectral Weapon
   322 | D:3      | Reached skill level 1 in Short Blades
   322 | D:3      | Reached skill level 1 in Long Blades
   322 | D:3      | Reached skill level 1 in Maces & Flails
   322 | D:3      | Reached skill level 1 in Polearms
   322 | D:3      | Reached skill level 1 in Staves
   322 | D:3      | Reached skill level 1 in Slings
   322 | D:3      | Reached skill level 1 in Bows
   322 | D:3      | Reached skill level 1 in Crossbows
   322 | D:3      | Reached skill level 1 in Throwing
   322 | D:3      | Reached skill level 1 in Stealth
   322 | D:3      | Reached skill level 1 in Shields
   322 | D:3      | Reached skill level 1 in Unarmed Combat
   322 | D:3      | Reached skill level 1 in Evocations
   322 | D:3      | Reached XP level 4. HP: 34/38 MP: 9/11
   505 | D:3      | Reached skill level 1 in Conjurations
   505 | D:3      | Reached skill level 1 in Hexes
   505 | D:3      | Reached skill level 1 in Summonings
   505 | D:3      | Reached skill level 1 in Necromancy
   505 | D:3      | Reached skill level 1 in Translocations
   505 | D:3      | Reached skill level 1 in Transmutations
   505 | D:3      | Reached skill level 1 in Fire Magic
   505 | D:3      | Reached skill level 1 in Ice Magic
   505 | D:3      | Reached skill level 1 in Air Magic
   505 | D:3      | Reached skill level 1 in Earth Magic
   505 | D:3      | Reached skill level 1 in Poison Magic
   594 | D:3      | Reached XP level 5. HP: 19/43 MP: 1/12
   612 | D:4      | Noticed Menkaure
   620 | D:4      | HP: 1/43 [Menkaure (3)]
   621 | D:4      | Killed Menkaure
   621 | D:4      | Reached XP level 6. HP: 1/50 MP: 3/13
   716 | D:5      | Entered Level 5 of the Dungeon
   734 | D:5      | Reached skill level 5 in Fighting
   734 | D:5      | Reached skill level 5 in Axes
   734 | D:5      | Reached skill level 5 in Dodging
   787 | D:4      | Reached XP level 7. HP: 32/56 MP: 12/15
   947 | D:5      | Found a hazy altar of Hepliaklqana.
   947 | D:5      | Found a deep blue altar of Sif Muna.
  1199 | D:6      | Found a glowing golden altar of the Shining One.
  1277 | D:7      | Found Wuatuokh's Armour Shoppe.
  1303 | D:7      | Reached XP level 8. HP: 43/63 MP: 14/16
  1347 | D:7      | Found a staircase to the Ecumenical Temple.
  1356 | Temple   | Entered the Ecumenical Temple
  1389 | Temple   | Became a worshipper of Cheibriados the Contemplative
  1591 | D:8      | Noticed a two-headed ogre
  1599 | D:8      | Mangled by a two-headed ogre

Skill      XL: |  1  2  3  4  5  6  7  8 |
---------------+-------------------------+-----
Spellcasting   | 5 6 |  6.0
Invocations    | 1 2 3 |  3.4
Short Blades   | 1 2 3 |  3.1
Long Blades    | 1 2 3 |  3.1
Maces & Flails | 1 2 3 |  3.1
Polearms       | 1 2 3 |  3.1
Staves         | 1 2 3 |  3.1
Slings         | 1 2 3 |  3.1
Bows           | 1 2 3 |  3.1
Crossbows      | 1 2 3 |  3.1
Throwing       | 1 2 3 |  3.1
Stealth        | 1 2 3 |  3.1
Shields        | 1 2 3 |  3.1
Unarmed Combat | 1 2 3 |  3.1
Evocations     | 1 2 3 |  3.1
Conjurations   | 1 2 |  2.5
Hexes          | 1 2 |  2.5
Summonings     | 1 2 |  2.5
Necromancy     | 1 2 |  2.5
Translocations | 1 2 |  2.5
Transmutations | 1 2 |  2.5
Fire Magic     | 1 2 |  2.5
Ice Magic      | 1 2 |  2.5
Air Magic      | 1 2 |  2.5
Earth Magic    | 1 2 |  2.5
Poison Magic   | 1 2 |  2.5
Armour         | 3 4 |  4.1
Fighting       | 5 |  5.6
Axes           | 5 |  5.6
Dodging        | 5 |  5.6
Charms         | 6 |  6.1

Action                   |  1- 3 |  4- 6 |  7- 9 || total
-------------------------+-------+-------+-------++-------
Melee: Hand axe          |    69 |       |       ||    69
       Bite              |     8 |     6 |     7 ||    21
       War axe           |     4 |    81 |    87 ||   172
       Punch             |       |       |     2 ||     2
 Cast: Infusion          |     2 |       |       ||     2
       Song of Slaying   |     1 |     1 |     3 ||     5
       Shroud of Golubri |     1 |     1 |       ||     2
       Spectral Weapon   |     2 |     7 |    11 ||    20
       Regeneration      |     1 |    15 |     5 ||    21
Evoke: Wand              |       |     1 |     5 ||     6
  Use: Scroll            |       |     8 |     6 ||    14
 Stab: Sleeping          |       |       |     2 ||     2
  Eat: Chunk             |       |     1 |     1 ||     2
       Ration            |       |       |     1 ||     1
Armor: Leather armour    |    13 |    16 |    27 ||    56
Dodge: Dodged            |    60 |    72 |    76 ||   208
